 Dungeon Crawl Stone Soup version 0.28-a0-773-g130ae17fe5 (webtiles) character file.

Game seed: 6992335428944802046

17715 quinnr the Stormcaller (level 12, -14/69 HPs)
             Began as a Tengu Air Elementalist on Nov 1, 2021.
             Was a Believer of Sif Muna.
             Killed themself with a badly aimed burst of rock shards (16 damage)
             ... on level 10 of the Dungeon on Nov 2, 2021.
             The game lasted 00:43:35 (22173 turns).

quinnr the Stormcaller (Tengu Air Elementalist)    Turns: 22173, Time: 00:43:37

Health: -14/69     AC:  5    Str:  5    XL:     12   Next: 50%
Magic:  2/22       EV: 19    Int: 24    God:    Sif Muna [**....]
Gold:   1084       SH:  5    Dex: 15    Spells: 4/24 levels left

rFire   + . .      SeeInvis .   L - +1 trident "Nuwef" {vorpal, rF+ Str-4 Int+4}
rCold   + . .      Faith    .   (no shield)
rNeg    . . .      Spirit   .   y - +2 robe {rC+}
rPois   .          Reflect  +   (helmet restricted)
rElec   .          Harm     .   m - +0 cloak
rCorr   +          Rampage  .   (no gloves)
Will    .....                   (boots unavailable)
Stlth   +++.......              n - amulet of reflection
HPRegen 0.21/turn               w - ring of wizardry
MPRegen 0.18/turn               v - ring of resist corrosion

@: flying quickly and evasively, quick
A: beak, talons 3, nimble flight
a: Renounce Religion, Channel Magic


You were on level 10 of the Dungeon.
You worshipped Sif Muna.
Sif Muna was pleased with you.
You visited 2 branches of the dungeon, and saw 13 of its levels.
You also visited: Sewer and Bailey.

You collected 1132 gold pieces.
You spent 48 gold pieces at shops.

Inventory:

Hand Weapons
 e - a +1 dagger of venom
 q - a +2 dagger of distortion
 L - the +1 trident "Nuwef" (weapon) {vorpal, rF+ Str-4 Int+4}
   (You found it in a bailey)

   It inflicts extra damage upon your enemies.
   Str:       It affects your strength (-4).
   Int:       It affects your intelligence (+4).
   rF:        It protects you from fire.
Missiles
 p - 53 poisoned darts
Armour
 a - a +0 robe
 m - a +0 cloak (worn)
 y - a +2 robe of cold resistance (worn)
 E - +0 swamp dragon scales
Magical Staves
 c - a staff of cold
Jewellery
 n - an amulet of reflection (around neck)
 v - a ring of resist corrosion (right hand)
 w - a ring of wizardry (left hand)
 D - a ring of willpower
 K - a ring of fire
 O - a +4 ring of slaying
Wands
 f - a wand of flame (45)
 s - a wand of mindburst (6)
 t - a wand of acid (7)
 I - a wand of polymorph (14)
 P - a wand of iceblast (7)
Scrolls
 g - 2 scrolls of teleportation
 l - 2 scrolls of immolation
 u - a scroll of fear
 x - a scroll of magic mapping
 A - a scroll of enchant armour
 C - a scroll of holy word
 F - a scroll of silence
 G - 2 scrolls of amnesia
 N - a scroll of fog
Potions
 b - a potion of attraction
 d - 7 potions of curing
 h - 3 potions of haste
 i - 2 potions of resistance
 j - a potion of cancellation
 k - 4 potions of lignification
 o - a potion of might
 r - a potion of magic
 B - 3 potions of ambrosia
 H - a potion of heal wounds
 J - 3 potions of flight
Miscellaneous
 M - a tin of tremorstones (1/2)


   Skills:
 + Level 5.7 Fighting
 + Level 8.4 Dodging
 - Level 4.0 Stealth
 + Level 6.5 Spellcasting
 - Level 2.0 Conjurations
 + Level 3.7 Translocations
 + Level 16.3 Air Magic
 - Level 7.0 Poison Magic
 - Level 4.0 Invocations
 - Level 4.0 Evocations


You had 4 spell levels left.
You knew the following spells:

 Your Spells              Type           Power      Damage    Failure   Level
a - Shock                 Conj/Air       100%       1d9       1%          1
b - Blink                 Tloc           50%        N/A       1%          2
c - Poisonous Vapours     Pois/Air       100%       N/A       1%          2
d - Airstrike             Air            36%        N/A       1%          4
e - Olgreb's Toxic Radia  Pois           41%        N/A       1%          4
f - Storm Form            Tmut/Air       23%        N/A       63%         7

Your spell library contained the following spells:

 Spells                   Type           Power      Damage    Failure   Level
 Sting                    Tmut/Pois      96%        1d7       1%          1
 Corpse Rot               Necr/Air       94%        N/A       1%          2
 Static Discharge         Conj/Air       51%        N/A       1%          2
 Swiftness                Air            72%        N/A       1%          3
 Ensorcelled Hibernation  Hex/Ice        14%        N/A       4%          2
 Portal Projectile        Hex/Tloc       32%        N/A       4%          3
 Stone Arrow              Conj/Erth      24%        3d8       6%          3
 Passage of Golubria      Tloc           25%        N/A       6%          4
 Call Canine Familiar     Summ           7%         N/A       9%          3
 Confusing Touch          Hex            7%         N/A       9%          3
 Tukima's Dance           Hex            7%         N/A       9%          3
 Animate Armour           Summ/Erth      14%        N/A       28%         4
 Dispel Undead            Necr           7%         3d8       28%         4
 Leda's Liquefaction      Hex/Erth       3%         N/A       28%         4
 Silence                  Hex/Air        23%        N/A       3%          5
 Manifold Assault         Tloc           25%        N/A       17%         5
 Irradiate                Conj/Tmut      6%         3d15      45%         5
 Blade Hands              Tmut           3%         N/A       61%         5
 Summon Mana Viper        Hex/Summ       7%         N/A       61%         5
 Death Channel            Necr           3%         N/A       98%         6
 Dragon Form              Tmut           3%         N/A       100%        7
 Lehudib's Crystal Spear  Conj/Erth      6%         10d3      100%        8


Dungeon Overview and Level Annotations

Branches:
Dungeon (12/15)            Temple (1/1) D:7            Lair (0/6) D:9
    Orc (0/2) D:11          Sewer (visited)          Bailey (visited)

Altars:
Ashenzari
Cheibriados
Dithmenos
Elyvilon
Fedhas
Gozag
Hepliaklqana
Kikubaaqudgha
Makhleb
Nemelex Xobeh
Okawaru
Qazlal
Ru
Sif Muna
Trog
Uskayaw
Vehumet
Wu Jian
Xom
Yredelemnul
Zin
The Shining One
Lugonu

Shops:
D:2 [   D:9 ?

Portals:
Abyss: D:4


Innate Abilities, Weirdness & Mutations

You have a beak for a mouth.
You have claws for feet.
Your magical nature lets you fly swiftly and evasively.


Message History

Confirm with . or Enter, or press ? or * to list all spells.
You don't have enough magic to cast this spell.
Unknown command.
Casting: Airstrike (safe; 1% risk of failure)
Confirm with . or Enter, or press ? or * to list all spells.
You don't have enough magic to cast this spell.
Unknown command.
Casting: Airstrike (safe; 1% risk of failure)
Confirm with . or Enter, or press ? or * to list all spells.
Aiming: Airstrike (safe; 1% risk of failure)
Press: ? - help, Dir - move target, f/p - skeletal warrior
Aim: a skeletal warrior, wielding a +0 mace (severely damaged, empty space bonus: 8/8)
The air twists around and strikes the skeletal warrior!
The skeletal warrior is almost destroyed.
Unknown command.
You hit the skeletal warrior.
The skeletal warrior is almost destroyed.
You block the skeletal warrior's attack.
You hit the skeletal warrior but do no damage.
Your kick misses the skeletal warrior.
The skeletal warrior is almost destroyed.
The skeletal warrior hits you with a +0 mace.
You hit the skeletal warrior but do no damage.
Your kick misses the skeletal warrior.
The skeletal warrior is almost destroyed.
The skeletal warrior hits you with a +0 mace! x2
* * * LOW HITPOINT WARNING * * *
Unknown command.
Okay, then.
Aiming: Mindburst
Press: ? - help, Shift-Dir - straight line, f/p - skeletal warrior
Aim: a skeletal warrior, wielding a +0 mace (almost destroyed, chance to affect: 17%)
Okay, then.
The tremorstone explodes into fragments!
The burst of rock shards engulfs the skeletal warrior.
The burst of rock shards engulfs you!
* * * LOW HITPOINT WARNING * * *
The burst of rock shards engulfs the skeletal warrior.
The burst of rock shards engulfs you!
You die...

## #.##..#..#.#.##.# #.#.#.# .#
#...............# #.#.#.# .#
#####...#.#.#...#####.#.#.# .#
#####.#...)....#.....#.#.# .#
#.......#.#....#.#####.#.# .#
####'###..........#.# #.#.# .#
#......##.........#.#####.#.#
.###......##.........#....##.#.#
.'.'......##....@....#....##.#.#
.###......###........#....##.#z##
## #......###....z...#....##.#...
#......................##.####
#....(..##................# #
####.......##.##'###....###### #
...#.......##.##.# #..### #
...#.##....##.##.# #..# #
...#.##....##..#.# #..# ########


You could see a skeletal warrior.

Vanquished Creatures
  2 boulder beetles
  6 two-headed ogres
  2 skeletal warriors
  A deep elf pyromancer (D:10)
  An orc knight (Bailey)
  A centaur zombie (D:11)
  A manticore (D:12)
  3 cyclopes
  A gargoyle (D:12)
  Joseph (D:7)
  Psyche (D:8)
  Maggie (D:7)
  An unseen horror (D:11)
  2 komodo dragons (D:9)
  3 trolls
  3 wyverns
  A wraith (D:8)
  2 shadows
  7 yaks
  5 vampire mosquitoes
  2 steam dragons (D:8)
  Menkaure (D:7)
  2 acid dragons
  3 water moccasins (D:9)
  Pargi (Sewer)
  An ice beast (D:7)
  A black bear (D:9)
  9 orc warriors
  A necrophage (D:6)
  A centaur (D:8)
  2 kobold brigands (D:10)
  A wyvern zombie (D:8)
  2 bullfrogs
  2 scorpions (D:6)
  2 wyvern skeletons
  11 killer bees
  5 howler monkeys
  Crazy Yiuf (D:3)
  A hound (D:6)
  A gnoll shaman (D:8)
  7 orc priests
  2 iguanas
  8 orc wizards
  Natasha (thrice) (D:4)
  A killer bee zombie (D:6)
  Robin (D:2)
  2 gnolls
  9 adders
  A shadow imp (D:7)
  2 white imps
  2 worms
  3 dart slugs
  32 orcs
  8 ball pythons
  7 endoplasms
  3 giant cockroaches (D:4)
  23 goblins
  7 hobgoblins
  4 jackals (D:2)
  28 kobolds
  A quokka (D:4)
  10 bats
  3 frilled lizards
  9 rats
271 creatures vanquished.

Vanquished Creatures (others)
  A water moccasin (D:8)
  39 fungi (D:9)
  51 plants (D:9)
91 creatures vanquished.

Grand Total: 362 creatures vanquished

Notes
Turn   | Place    | Note
-------+----------+-------------------------------------------
     0 | D:1      | quinnr the Tengu Air Elementalist began the quest for the
                  | Orb.
     0 | D:1      | Reached XP level 1. HP: 10/10 MP: 4/4
   437 | D:1      | Reached XP level 2. HP: 15/15 MP: 4/6
  1538 | D:1      | Reached skill level 5 in Air Magic
  1623 | D:2      | Found a burning altar of Makhleb.
  1702 | D:2      | Reached XP level 3. HP: 19/19 MP: 4/7
  2039 | D:2      | Reached XP level 4. HP: 21/24 MP: 2/9
  2155 | D:2      | Found Bihoakom's Antique Armour Shoppe.
  2241 | D:2      | Learned a level 2 spell: Blink
  2304 | D:2      | Learned a level 2 spell: Poisonous Vapours
  2597 | D:2      | Found a faded altar of an unknown god.
  3058 | D:3      | Noticed Robin
  3376 | D:3      | Reached skill level 1 in Poison Magic
  3378 | D:3      | Gained mutation: Your magical nature lets you fly swiftly
                  | and evasively. [Tengu growth]
  3378 | D:3      | Reached XP level 5. HP: 28/28 MP: 2/10
  3492 | D:2      | Killed Robin
  3493 | D:2      | Reached skill level 1 in Translocations
  4106 | D:3      | Found a runed translucent door.
  4107 | D:3      | Noticed Crazy Yiuf
  4244 | D:3      | Killed Crazy Yiuf
  4414 | D:4      | Found a glowing drain.
  4422 | Sewer    | Entered a sewer
  4534 | Sewer    | Noticed Pargi
  4535 | Sewer    | quinnr: ??pargi
  4535 | Sewer    | beem: I don't have a page labeled pargi in my learndb.
  4535 | Sewer    | quinnr: ??purgey
  4535 | Sewer    | beem: purgey ~ purgy[1/4]: An unusually thin and nervous
                  | troll. Sad, really. :(
  4535 | Sewer    | quinnr: ??purgy
  4535 | Sewer    | beem: purgy[1/4]: An unusually thin and nervous troll. Sad,
                  | really. :(
  4535 | Sewer    | quinnr: ??purgy[2
  4535 | Sewer    | beem: purgy[2/4]: True professionals who play trolls will
                  | religiously kill and wear Purgy to prove they are the
                  | mightiest troll bully of them all. What a bunch of trolls.
                  | :(
  4535 | Sewer    | quinnr: ??purgy[3
  4535 | Sewer    | beem: purgy[3/4]: Do it. Be the troll troll. :(
  4561 | Sewer    | Killed Pargi
  4562 | Sewer    | Reached XP level 6. HP: 23/32 MP: 1/13
  4839 | D:4      | Reached skill level 6 in Air Magic
  5091 | D:4      | Found a shadowy altar of Dithmenos.
  5127 | D:4      | Noticed Natasha
  5139 | D:4      | Killed Natasha
  5140 | D:4      | Reached skill level 1 in Fighting
  5235 | D:4      | Found a large runed translucent door.
  5235 | D:4      | Found a large runed translucent door.
  5236 | D:4      | Found a corrupted altar of Lugonu.
  5269 | D:4      | Found a one-way gate to the infinite horrors of the Abyss.
  5473 | D:4      | Noticed Natasha
  5483 | D:4      | Killed Natasha
  5710 | D:4      | Noticed Natasha
  5724 | D:4      | Killed Natasha
  5725 | D:4      | Reached XP level 7. HP: 27/38 MP: 5/14
  6186 | D:5      | Entered Level 5 of the Dungeon
  7158 | D:5      | Found an opulent altar of Gozag.
  7399 | D:6      | Reached skill level 7 in Air Magic
  7475 | D:6      | Learned a level 4 spell: Airstrike
  8076 | D:6      | Reached skill level 8 in Air Magic
  8360 | D:6      | Reached XP level 8. HP: 41/43 MP: 10/15
  8604 | D:6      | Found an ancient bone altar of Kikubaaqudgha.
  8764 | D:6      | Found a stormy altar of Qazlal.
  8987 | D:7      | Noticed a two-headed ogre
  8995 | D:6      | Killed a two-headed ogre
  8996 | D:6      | Reached skill level 10 in Air Magic
  9199 | D:7      | Reached skill level 11 in Air Magic
  9199 | D:7      | Reached XP level 9. HP: 47/47 MP: 0/16
  9457 | D:7      | Found a staircase to the Ecumenical Temple.
  9463 | Temple   | Entered the Ecumenical Temple
  9860 | D:7      | Noticed Joseph
  9871 | D:7      | Killed Joseph
  9872 | D:7      | Reached skill level 5 in Spellcasting
 10204 | D:7      | Noticed Menkaure
 10206 | D:7      | Killed Menkaure
 10859 | D:7      | Noticed Maggie
 10876 | D:7      | Killed Maggie
 10877 | D:7      | Reached skill level 5 in Dodging
 10877 | D:7      | Reached skill level 12 in Air Magic
 11156 | D:8      | Found a basalt altar of Yredelemnul.
 11182 | D:8      | Found a shimmering blue altar of Sif Muna.
 11617 | D:8      | Became a worshipper of Sif Muna the Loreminder
 11645 | D:8      | Noticed Psyche
 11796 | D:8      | Killed Psyche
 11928 | D:8      | Reached XP level 10. HP: 41/56 MP: 11/20
 12029 | D:8      | Learned a level 4 spell: Olgreb's Toxic Radiance
 12785 | D:8      | Noticed a two-headed ogre
 12804 | D:8      | Killed a two-headed ogre
 12805 | D:8      | Reached skill level 5 in Poison Magic
 13215 | D:9      | Found a radiant altar of Vehumet.
 13220 | D:9      | Found a bloodstained altar of Trog.
 13277 | D:9      | Noticed a two-headed ogre
 13399 | D:9      | Found a flagged portal.
 13411 | Bailey   | Entered a bailey
 13479 | Bailey   | Noticed an orc knight
 13531 | Bailey   | Reached skill level 13 in Air Magic
 13654 | Bailey   | Reached * piety under Sif Muna
 13861 | Bailey   | Got the Handbook of the Insatiable Things
 13968 | Bailey   | Identified the +1 trident "Nuwef" {vorpal, rF+ Str-4 Int+4}
 14035 | Bailey   | Killed an orc knight
 14699 | D:9      | Reached skill level 14 in Air Magic
 14916 | D:9      | Reached XP level 11. HP: 36/60 MP: 12/21
 15194 | D:9      | Found a staircase to the Lair.
 15321 | D:9      | Found Cualunas's Magic Scroll Emporium.
 15330 | D:9      | Bought a scroll of noise for 12 gold pieces
 15331 | D:9      | Bought a scroll of teleportation for 36 gold pieces
 15408 | D:9      | Reached skill level 15 in Air Magic
 15450 | D:9      | Noticed a two-headed ogre
 15457 | D:9      | Killed a two-headed ogre
 15593 | D:9      | Killed a two-headed ogre
 16176 | D:9      | Reached skill level 16 in Air Magic
 16184 | D:9      | Learned a level 7 spell: Storm Form
 16243 | D:10     | Entered Level 10 of the Dungeon
 16352 | D:10     | Reached ** piety under Sif Muna
 16815 | D:10     | Noticed a deep elf pyromancer
 16829 | D:10     | Reached skill level 1 in Evocations
 16949 | D:10     | Killed a deep elf pyromancer
 16950 | D:10     | Reached skill level 1 in Invocations
 17635 | D:11     | Noticed a two-headed ogre
 17640 | D:11     | Killed a two-headed ogre
 17986 | D:11     | Noticed a cyclops
 17992 | D:11     | Killed a cyclops
 18108 | D:11     | Found a staircase to the Orcish Mines.
 18207 | D:11     | Noticed a cyclops
 18212 | D:11     | Killed a cyclops
 18385 | D:11     | Noticed a boulder beetle
 18386 | D:11     | Noticed a two-headed ogre
 18414 | D:10     | Killed a two-headed ogre
 18641 | D:11     | Reached XP level 12. HP: 30/68 MP: 7/22
 18650 | D:11     | Reached skill level 5 in Fighting
 18867 | D:11     | Killed a boulder beetle
 19633 | D:12     | Found a basalt altar of Yredelemnul.
 21169 | D:12     | Noticed a boulder beetle
 21714 | D:12     | Killed a boulder beetle
 22173 | D:10     | HP: 2/69 [shot self (15)]
 22173 | D:10     | Killed themself with a badly aimed burst of rock shards

Illustrated notes

Levels and vault maps discovered:
D:1:      roderic_dead_forest, layout_basic, minmay_tree_intersection,
          serial_bayou_pond_c, minmay_crystal_water
D:2:      layout_basic, serial_shops, shop,
          hellmonk_ecumenical_altar_heavens_door, basic_altar
D:3:      minmay_octagon_keep, layout_basic, uniq_robin, uniq_crazy_yiuf_cottage
D:4:      due_chaos_kobolds, layout_rooms, mainiacjoe_overflow_paths,
          gup_sewer_entry_pipe, minmay_misc_feat_hallway, uniq_natasha
D:5:      layout_basic, nicolae_gozag_seed_capital, minmay_misc_feat_iff,
          hangedman_decor_opposing, chequers_garden
D:6:      layout_basic, kiku_gazebo_pond_becter, old_standard_altar
D:7:      layout_loops_ring, minmay_temple_entry_arrows, uniq_maggie,
          uniq_menkaure, uniq_joseph
D:8:      layout_cave_pools, mainiacjoe_overflow_catwalk_spiral,
          grunt_decor_clamped, minivault_11, minmay_quadrilaterals, uniq_psyche
D:9:      layout_long_grid, mainiacjoe_overflow_large_starburst,
          due_lair_maze_entry_diamond, enter_bailey_3, serial_shops, shop
D:10:     layout_basic, hex_tiny
D:11:     layout_basic, orc_0_dummy
D:12:     layout_cave_pools, yredelemnul_altar_generic
Temple:   minmay_temple_curvy_branch

Skill      XL: |  1  2  3  4  5  6  7  8  9 10 11 12 |
---------------+-------------------------------------+-----
Air Magic      | 5 6 8 11 12 14 16 | 16.3
Spellcasting   | 3 4 6 |  6.5
Poison Magic   | 1 4 7 |  7.0
Translocations | 2 3 |  3.7
Fighting       | 1 3 4 5 |  5.7
Dodging        | 4 6 7 8 |  8.4
Conjurations   | 2 |  2.0
Stealth        | 4 |  4.0
Evocations     | 3 4 |  4.0
Invocations    | 3 4 |  4.0

Action                   |  1- 3 |  4- 6 |  7- 9 | 10-12 || total
-------------------------+-------+-------+-------+-------++-------
Melee: Unarmed           |     4 |       |       |       ||     4
       Peck              |     2 |     1 |     3 |     2 ||     8
       Dagger            |     8 |     7 |       |       ||    15
       Kick              |     2 |     6 |       |    11 ||    19
       Staff             |       |    13 |     9 |     5 ||    27
       Trident           |       |       |       |    33 ||    33
 Cast: Shock             |    48 |   135 |   168 |   202 ||   553
       Poisonous Vapours |       |    26 |    21 |    70 ||   117
       Airstrike         |       |       |    34 |   138 ||   172
       Blink             |       |       |     2 |       ||     2
       Olgreb's Toxic Ra |       |       |       |     1 ||     1
Evoke: Wand              |       |       |       |     9 ||     9
       Tin of tremorston |       |       |       |     1 ||     1
  Use: Scroll            |       |    11 |     1 |    10 ||    22
       Potion            |       |     1 |       |     1 ||     2
 Stab: Invisible         |       |     2 |       |       ||     2
Armor: Robe              |    10 |     9 |     5 |    25 ||    49
Dodge: Dodged            |    20 |    51 |    45 |   116 ||   232
Block: Other             |       |       |    17 |    39 ||    56
       Reflection        |       |       |     1 |     5 ||     6

Table legend: (Time is in decaauts)
 A = Elapsed time spent in this place.
 B = Non-inter-level travel time spent in this place.
 C = Inter-level travel time spent in this place.
 D = Time resting spent in this place.
 E = Time spent auto-exploring this place.
 F = Levels seen in this place.
 G = Mean time per level.
                   A        B        C        D        E       F      G
               +--------+--------+--------+--------+--------+-----+--------+
         Total |  21486 |  20628 |    858 |   7320 |  10268 |  15 | 1432.4 |
       Dungeon |  20101 |  19249 |    852 |   6821 |   9744 |  12 | 1675.1 |
        Temple |    304 |    299 |      5 |      0 |    289 |   1 |  304.0 |
         Sewer |    278 |    278 |      0 |    167 |     58 |   1 |  278.0 |
        Bailey |    801 |    801 |      0 |    332 |    177 |   1 |  801.0 |
               +--------+--------+--------+--------+--------+-----+--------+

Top non-repeatable levels by time:
    D:10: 2618 daAuts
    D:11: 2183 daAuts
     D:9: 2122 daAuts
     D:8: 2092 daAuts
     D:6: 1876 daAuts
     D:1: 1582 daAuts
     D:5: 1578 daAuts
     D:2: 1576 daAuts
     D:3: 1416 daAuts
     D:7: 1382 daAuts
     D:4: 1238 daAuts
  Bailey: 801 daAuts
    D:12: 432 daAuts
  Temple: 304 daAuts
   Sewer: 278 daAuts
